 Dungeon Crawl Stone Soup version 0.30-a0-358-g0d69a1922f (webtiles) character file.

Game seed: 14491224372194232780

29547 Bnni the Warrior (level 13, -10/128 HPs)
             Began as a Minotaur Fighter on Nov 10, 2022.
             Was an Initiate of Yredelemnul.
             Mangled by an enormous slime creature (64 damage)
             ... on level 15 of the Dungeon.
             The game lasted 00:29:15 (14921 turns).

Bnni the Warrior (Minotaur Fighter)                Turns: 14921, Time: 00:29:16

Health: -10/128    AC: 18    Str: 28    XL:     13   Next: 15%
Magic:  19/19      EV:  8    Int:  5    God:    Yredelemnul [......]
Gold:   394        SH: 11    Dex: 11    Spells: 12/12 levels left

rFire   . . .      SeeInvis .    a - +3 trident
rCold   + . .      Faith    .    N - +0 kite shield
rNeg    . . .      Spirit   .    Y - +4 plate armour
rPois   .          Reflect  .    (helmet restricted)
rElec   +          Harm     .    (no cloak)
rCorr   +          Rampage  .    (no gloves)
Will    .....                    x - +0 pair of boots
Stlth   ..........               R - amulet "Hejoda" {rElec Regen+ Str+3}
HPRegen 1.21/turn                y - ring of resist corrosion
MPRegen 0.16/turn                T - ring of protection from cold

@: no status effects
A: horns 2, retaliatory headbutt
a: Renounce Religion, Recall Undead Harvest


You were on level 15 of the Dungeon.
You worshipped Yredelemnul.
Yredelemnul was aware of your devotion.
You visited 2 branches of the dungeon, and saw 16 of its levels.
You also visited: Sewer.

You collected 1018 gold pieces.
You spent 624 gold pieces at shops.

Inventory:

Hand Weapons
 a - a +3 trident (weapon)
 v - the +7 sling of Xom's Grace {vorpal, Str+4 Int+2 Dex+2}
   (You took it off an orc on level 6 of the Dungeon)

   Any ammunition fired from it inflicts extra damage upon your enemies.
   Str:       It affects your strength (+4).
   Int:       It affects your intelligence (+2).
   Dex:       It affects your dexterity (+2).
 L - a +3 dagger of venom
 V - a +1 scimitar of flaming
Missiles
 s - 49 poisoned darts (quivered)
 w - 13 curare-tipped darts
 H - 5 boomerangs
Armour
 x - a +0 pair of boots (worn)
 N - a +0 kite shield (worn)
 Y - a +4 plate armour (worn)
Jewellery
 o - a ring of flight
 q - a ring of ice
 y - a ring of resist corrosion (left hand)
 J - a ring of ice
 R - the amulet "Hejoda" (around neck) {rElec Regen+ Str+3}
   (You acquired it on level 1 of the Dungeon)

   [amulet of regeneration]

   Str:       It affects your strength (+3).
   rElec:     It insulates you from electricity.
   Regen:     It increases your rate of health regeneration.
 T - a ring of protection from cold (right hand)
Wands
 h - a wand of flame (25)
 C - a wand of quicksilver (9)
 F - a wand of iceblast (29)
 G - a wand of paralysis (26)
 O - a wand of mindburst (6)
 S - a wand of polymorph (5)
Scrolls
 c - 2 scrolls of vulnerability {unknown}
 d - a scroll of identify
 j - 5 scrolls of teleportation {unknown}
 k - 3 scrolls of fear
 m - 3 scrolls of amnesia {unknown}
 n - 3 scrolls of poison {unknown}
 p - 2 scrolls of enchant weapon {unknown}
 r - 3 scrolls of blinking {unknown}
 u - 5 scrolls of brand weapon {unknown}
 z - a scroll of magic mapping {unknown}
 M - 2 scrolls of enchant armour {unknown}
 P - a scroll of fog {unknown}
 Q - 2 scrolls of immolation
 W - a scroll of silence {unknown}
Potions
 b - 3 potions of curing
 e - 4 potions of haste
 f - 2 potions of attraction
 g - 5 potions of lignification
 l - a potion of cancellation
 t - 4 potions of brilliance
 A - 2 potions of mutation
 B - a potion of degeneration {unknown}
 D - 3 potions of ambrosia
 E - 3 potions of resistance
 I - 2 potions of flight
 K - 2 potions of might
 U - 3 potions of heal wounds
 X - 2 potions of invisibility {unknown}


   Skills:
 + Level 15.9 Fighting
 - Level 14.0 Polearms
 + Level 7.2 Armour
 + Level 5.4 Dodging
 - Level 10.0 Shields
 * Level 9.8 Invocations


You had 12 spell levels left.
You didn't know any spells.
Your spell library contained the following spells:

 Spells                   Type           Power      Damage    Failure   Level
 Slow                     Hex            0%         N/A       100%        1
 Sting                    Tmut/Pois      0%         1d3       100%        1
 Blink                    Tloc           0%         N/A       100%        2
 Momentum Strike          Conj/Tloc      0%         3d8       100%        2
 Poisonous Vapours        Pois/Air       0%         N/A       100%        2
 Confusing Touch          Hex            0%         N/A       100%        3
 Ignite Poison            Fire/Tmut/Pois 0%         N/A       100%        3
 Inner Flame              Hex/Fire       0%         N/A       100%        3
 Kindle Blastsparks       Fire/Tloc/Air  0%         2d10      100%        3
 Lesser Beckoning         Tloc           0%         N/A       100%        3
 Tukima's Dance           Hex            0%         N/A       100%        3
 Vampiric Draining        Necr           0%         2d6       100%        3
 Airstrike                Air            0%         2d(0-16)  100%        4
 Flame Wave               Conj/Fire      0%         2d4       100%        4
 Olgreb's Toxic Radiance  Pois           0%         N/A       100%        4
 Passage of Golubria      Tloc           0%         N/A       100%        4
 Sticky Flame             Conj/Fire      0%         2d3       100%        4
 Summon Lightning Spire   Summ/Air       0%         N/A       100%        4
 Freezing Cloud           Conj/Ice/Air   0%         6-21      100%        5
 Lightning Bolt           Conj/Air       0%         1d11      100%        5
 Yara's Violent Unravell  Hex/Tmut       0%         3d3       100%        5
 Haunt                    Necr/Summ      0%         N/A       100%        7
 Malign Gateway           Summ/Tloc      0%         N/A       100%        7
 Infestation              Necr           0%         N/A       100%        8
 Summon Horrible Things   Summ           0%         N/A       100%        8
 Polar Vortex             Ice            0%         N/A       100%        9
 Animate Dead             Necr           Unusable   N/A       N/A         4
 Simulacrum               Ice/Necr       Unusable   N/A       N/A         6

Dungeon Overview and Level Annotations

Branches:
Dungeon (15/15)            Temple (1/1) D:4            Lair (0/5) D:8
    Orc (0/2) D:12         Vaults (0/5) D:14          Sewer (visited)
 Depths: D:15

Altars:
Ashenzari
Cheibriados
Dithmenos
Elyvilon
Fedhas
Gozag
Hepliaklqana
Kikubaaqudgha
Makhleb
Nemelex Xobeh
Okawaru
Qazlal
Ru
Sif Muna
Trog
Uskayaw
Vehumet
Wu Jian
Xom
Yredelemnul
Zin
The Shining One

Shops:
D:1 [?*   D:8 ?   D:12 :   D:14 *


Innate Abilities, Weirdness & Mutations

You have a pair of horns on your head.
You reflexively headbutt those who attack you in melee.


Message History

The bolt of fire misses you.
Two slime creatures merge to form an enormous slime creature.
You impale the enormous slime creature!!
The enormous slime creature is severely wounded.
The efreet gestures at you. The bolt of fire misses you.
Unknown command.
Okay, then.
You puncture the enormous slime creature!
Your headbutt misses the enormous slime creature.
The enormous slime creature is severely wounded.
You impale the enormous slime creature!!
You headbutt the enormous slime creature.
The enormous slime creature is severely wounded.
You block the enormous slime creature's attack.
You hit the enormous slime creature.
The enormous slime creature is severely wounded.
The enormous slime creature hits you!!!
Ouch! That really hurt!
Unknown command.
You hit the efreet. Your headbutt misses the efreet.
The efreet is severely wounded.
You block the enormous slime creature's attack.
The efreet closely misses you.
Unknown command.
You hit the efreet but do no damage.
The efreet is severely wounded.
Unknown command.
You hit the efreet but do no damage.
You headbutt the efreet, but do no damage.
The efreet is severely wounded.
You block the enormous slime creature's attack.
You block the efreet's attack.
Unknown command.
You hit the efreet.
The efreet is severely wounded.
The enormous slime creature hits you!!!
Ouch! That really hurt!
You die...
Your body rises from the dead as a mindless zombie.

....##.#####
.#####.###.#
.# ##...## #
.## ##....#
.##
.Z###..##.##
#..#
#Z##..####.#
.... .Z##.##
#.## #..
.....#
##Z#####J#
....##
#..##.@#
#....#
##...R##
##....#
#.###○#
#..#.... ..#
#..#
......###..
##○# ......#
## R.
#.....####
#..
#..#......
.#.
#.##......
.#..


You could see an enormous slime creature and an efreet.

Vanquished Creatures
  2 hydras
  An ogre mage (D:11)
  A centaur warrior (D:15)
  2 boulder beetles
  4 two-headed ogres
  Sonja (D:11)
  An orc knight (D:15)
  A wizard (D:14)
  2 deep elf pyromancers (D:13)
  Pikel (D:7)
  A deep elf zephyrmancer (D:14)
  2 ugly things
  3 cyclopes
  3 manticores
  Joseph (D:7)
  A gargoyle (D:10)
  Psyche (D:11)
  An efreet (D:14)
  2 freezing wraiths
  A kobold demonologist (D:10)
  6 trolls
  A wind drake (shapeshifter) (D:13)
  A hornet (D:9)
  A slime creature (D:15)
  2 shadows (D:11)
  Sigmund (D:2)
  A vampire (D:14)
  3 wraiths
  7 yaks
  2 steam dragons (D:6)
  Grum (D:8)
  7 vampire mosquitoes
  2 acid dragons
  5 water moccasins
  5 black bears
  A sky beast (D:6)
  3 ice beasts (D:6)
  2 orc warriors
  6 ogres
  6 wolves (D:8)
  5 centaurs
  2 lemures (D:7)
  2 phantoms
  7 kobold brigands
  5 bullfrogs
  A gnoll sergeant (D:9)
  7 scorpions
  5 wights
  16 killer bees
  4 howler monkeys
  5 electric eels (D:8)
  4 orc priests
  4 hounds
  3 jellies
  An iron imp (D:5)
  Jessica (D:2)
  3 iguanas
  17 orc wizards
  5 gnolls (D:9)
  12 adders
  A river rat (D:4)
  2 shadow imps
  4 white imps
  2 ufetubi
  A worm (D:3)
  5 dart slugs
  40 orcs
  3 bats
  13 endoplasms
  12 giant cockroaches
  6 hobgoblins
  6 jackals
  7 quokkas
  19 ball pythons
  8 frilled lizards
  6 goblins
  34 kobolds
  6 rats
379 creatures vanquished.

Vanquished Creatures (collateral kills)
  A fire dragon (D:15)
  A boulder beetle (D:15)
  2 two-headed ogres
  A cyclops (D:14)
  A hornet (shapeshifter) (D:14)
  A wind drake (shapeshifter) (D:15)
  A wyvern (D:11)
  An orc warrior (D:11)
  2 howler monkeys (D:11)
  2 orc wizards
  4 orcs
17 creatures vanquished.

Vanquished Creatures (others)
  A centaur zombie (D:15)
  2 hydra zombies
  A fire dragon zombie (D:15)
  A wind drake zombie (D:15)
  A slime creature zombie (D:15)
  2 manticore zombies
  2 vampire mosquito zombies (D:11)
  A human zombie (D:11)
  2 orc wizards
  A killer bee zombie (D:11)
  An acid dragon zombie (D:13)
  6 orc zombies
  An orc (D:7)
  6 plants
28 creatures vanquished.

Grand Total: 424 creatures vanquished

Notes
Turn   | Place    | Note
-------+----------+-------------------------------------------
     0 | D:1      | Bnni the Minotaur Fighter began the quest for the Orb.
     0 | D:1      | Reached XP level 1. HP: 19/19 MP: 0/0
    71 | D:1      | Found Yddu Hoo's General Store.
   147 | D:1      | Reached XP level 2. HP: 27/27 MP: 1/1
   364 | D:1      | Found Woxzouh's Magic Scroll Shoppe.
   495 | D:1      | Found Utwufe's Antique Armour Boutique.
   693 | D:2      | Found a faded altar of an unknown god.
   766 | D:2      | Reached skill level 4 in Fighting
   766 | D:2      | Reached XP level 3. HP: 30/33 MP: 2/2
  1076 | D:2      | Noticed Sigmund
  1103 | D:2      | Killed Sigmund
  1104 | D:2      | Reached skill level 5 in Polearms
  1104 | D:2      | Reached skill level 5 in Shields
  1104 | D:2      | Reached XP level 4. HP: 10/41 MP: 3/3
  1104 | D:2      | Reached XP level 5. HP: 12/47 MP: 4/4
  1401 | D:2      | Noticed Jessica
  1404 | D:2      | Killed Jessica
  1405 | D:2      | Reached skill level 5 in Fighting
  1691 | D:3      | Reached XP level 6. HP: 56/56 MP: 5/5
  2168 | D:4      | Identified the +1 plate armour of Unambiguity {Rampage
                  | *Corrode Str+3 SInv}
  2176 | D:4      | Found a glowing drain.
  2192 | Sewer    | Entered a sewer
  2494 | Sewer    | Reached XP level 7. HP: 58/62 MP: 6/6
  2581 | D:4      | Reached skill level 6 in Fighting
  2654 | D:4      | Found a staircase to the Ecumenical Temple.
  2673 | Temple   | Entered the Ecumenical Temple
  2961 | D:5      | Entered Level 5 of the Dungeon
  3342 | D:5      | Found a hazy altar of Hepliaklqana.
  3563 | D:5      | Reached skill level 7 in Fighting
  3563 | D:5      | Reached XP level 8. HP: 56/73 MP: 7/7
  3823 | D:5      | Found a snail-covered altar of Cheibriados.
  4299 | D:6      | Reached skill level 10 in Polearms
  4361 | D:6      | Reached skill level 8 in Fighting
  4992 | D:6      | Identified the +7 sling of Xom's Grace {vorpal, Str+4 Int+2
                  | Dex+2}
  4997 | D:6      | Reached XP level 9. HP: 55/82 MP: 8/8
  5240 | D:6      | Reached skill level 9 in Fighting
  5701 | D:6      | Reached skill level 10 in Fighting
  6024 | D:7      | Found an iron altar of Okawaru.
  6055 | D:7      | Found an ornate altar of the Wu Jian Council.
  6347 | D:7      | Noticed Joseph
  6363 | D:7      | Killed Joseph
  6364 | D:7      | Reached XP level 10. HP: 74/94 MP: 9/9
  6662 | D:7      | Noticed Pikel
  6692 | D:7      | Killed Pikel
  6693 | D:7      | Reached skill level 11 in Fighting
  7046 | D:8      | Found an ancient bone altar of Kikubaaqudgha.
  7299 | D:8      | Reached skill level 12 in Fighting
  7497 | D:8      | Found a broken altar of Ashenzari.
  7537 | D:8      | Noticed a two-headed ogre
  7548 | D:8      | Killed a two-headed ogre
  7549 | D:8      | Reached skill level 1 in Dodging
  7549 | D:8      | Reached skill level 1 in Invocations
  7616 | D:8      | Noticed Grum
  7643 | D:8      | Killed Grum
  7856 | D:8      | Found a staircase to the Lair.
  7859 | D:8      | Reached skill level 5 in Armour
  8163 | D:8      | Found Ehotz's Magic Scroll Emporium.
  8671 | D:9      | Reached XP level 11. HP: 79/105 MP: 12/12
  8778 | D:9      | Found a glowing golden altar of the Shining One.
  8784 | D:9      | Found a glowing silver altar of Zin.
  8785 | D:9      | Found a white marble altar of Elyvilon.
  9633 | D:1      | Bought a scroll of acquirement for 624 gold pieces
  9633 | D:1      | Acquired the amulet "Hejoda" {rElec Regen+ Str+3}
  9848 | D:10     | Entered Level 10 of the Dungeon
 10141 | D:10     | Reached skill level 13 in Fighting
 10331 | D:10     | Found a basalt altar of Yredelemnul.
 10336 | D:10     | Became a worshipper of Yredelemnul the Dark
 10452 | D:10     | Found an opulent altar of Gozag.
 10552 | D:10     | Found a stormy altar of Qazlal.
 10659 | D:11     | Reached * piety under Yredelemnul
 10678 | D:11     | Reached ** piety under Yredelemnul
 10787 | D:11     | Noticed Psyche
 10794 | D:11     | Killed Psyche
 10799 | D:11     | Reached *** piety under Yredelemnul
 10807 | D:11     | Your ally Psyche died
 10955 | D:11     | Noticed a two-headed ogre
 10961 | D:11     | Killed a two-headed ogre
 10962 | D:11     | Reached **** piety under Yredelemnul
 10962 | D:11     | Reached skill level 5 in Invocations
 11195 | D:11     | Noticed Sonja
 11210 | D:11     | Killed Sonja
 11382 | D:11     | Reached ***** piety under Yredelemnul
 11637 | D:12     | Noticed an ogre mage
 11637 | D:12     | Noticed a two-headed ogre
 11637 | D:12     | Noticed a two-headed ogre
 11650 | D:11     | Killed a two-headed ogre
 11713 | D:11     | Killed a two-headed ogre
 11718 | D:11     | Killed an ogre mage
 11801 | D:12     | Reached XP level 12. HP: 116/116 MP: 15/15
 11809 | D:12     | Found a staircase to the Orcish Mines.
 11862 | D:12     | Reached skill level 14 in Fighting
 11862 | D:12     | Reached skill level 10 in Shields
 11912 | D:12     | Identified the +4 hand axe "Copem" {vorpal, rPois Int+3
                  | Dex+4}
 11993 | D:12     | Found Ydes's Book Shoppe.
 12089 | D:12     | Noticed a two-headed ogre
 12099 | D:12     | Killed a two-headed ogre
 12165 | D:12     | Noticed a boulder beetle
 12178 | D:12     | Killed a boulder beetle
 12879 | D:13     | Reached skill level 15 in Fighting
 13043 | D:13     | Noticed a boulder beetle
 13071 | D:13     | Killed a boulder beetle
 13669 | D:14     | Noticed a six-headed hydra
 13680 | D:14     | Killed a six-headed hydra
 13849 | D:14     | Paralysed by a hornet for 2 turns
 13954 | D:14     | Noticed a two-headed ogre
 13960 | D:14     | Killed a two-headed ogre
 13969 | D:14     | Found a gate to the Vaults.
 14268 | D:14     | Found Roidown's General Store.
 14515 | D:15     | Entered Level 15 of the Dungeon
 14609 | D:15     | Reached skill level 5 in Dodging
 14609 | D:15     | Reached XP level 13. HP: 74/128 MP: 19/19
 14723 | D:15     | Noticed a fire dragon
 14735 | D:15     | Killed a fire dragon
 14921 | D:15     | Mangled by an enormous slime creature

Illustrated notes

Levels and vault maps discovered:
D:1:      eino_arrival_druids_welcome, layout_rooms, serial_shops, shop,
          nicolae_lakefront_shop, shop, minmay_misc_feat_ornament
D:2:      layout_loops_corners, basic_ecumenical_altar, uniq_jessica,
          uniq_sigmund
D:3:      layout_basic, serial_bayou_crossing
D:4:      layout_rooms, minmay_temple_entry_steel_oval, portal_sewer_entry_a
D:5:      layout_basic, slow_altar_2, nicolae_overflow_crystal_walls,
          st_stairs_14, minmay_misc_feat_rugged, serial_bayou_ford_a
D:6:      kennysheep_windowed_halls, layout_gridville,
          hangedman_abyss_or_decor_slice
D:7:      layout_loops_ring, mainiacjoe_overflow_two_lobes, uniq_pikel,
          uniq_joseph
D:8:      layout_basic, mainiacjoe_overflow_large_starburst, erik_lair_island,
          serial_shops, nicolae_shop_stone, enter_bailey_2, uniq_grum
D:9:      minmay_angry_zag, layout_loops_cross, good_gods_temple_1
D:10:     layout_long_grid, lemuel_coloured_pillars_altar,
          mainiacjoe_overflow_alcove_2, old_standard_altar
D:11:     layout_gridville, uniq_psyche, uniq_sonja
D:12:     layout_roguey, david_orc_2, serial_shops, shop
D:13:     layout_loops_ring, patterned_corridor
D:14:     layout_stronghold, david_vaults_1, serial_shops, shop,
          dreamdust_mushroom_princess
D:15:     grunt_enter_depths_hoard, layout_layer_cave, minmay_misc_feat_iff,
          serial_shops, nicolae_shop_overgrown_old_shop
Temple:   hellmonk_temple_micro_hex

Skill      XL: |  1  2  3  4  5  6  7  8  9 10 11 12 13 |
---------------+----------------------------------------+-----
Shields        | 4 5 9 10 | 10.0
Polearms       | 3 5 7 9 11 14 | 14.0
Fighting       | 4 5 7 8 10 12 13 15 | 15.9
Armour         | 5 6 7 |  7.2
Dodging        | 3 5 |  5.4
Invocations    | 3 6 9 |  9.8

Action                   |  1- 3 |  4- 6 |  7- 9 | 10-12 | 13-15 || total
-------------------------+-------+-------+-------+-------+-------++-------
Melee: Trident           |    85 |   162 |   359 |   748 |    50 ||  1404
       Headbutt          |     8 |    21 |    50 |   119 |    12 ||   210
       Spear             |       |       |       |     4 |       ||     4
Throw: Dart              |       |       |     1 |     6 |     1 ||     8
Invok: Recall Undead Har |       |       |       |     3 |       ||     3
       Dark Bargain      |       |       |       |     1 |       ||     1
Evoke: Wand              |       |       |       |    12 |       ||    12
  Use: Potion            |     3 |       |     3 |     3 |       ||     9
       Scroll            |       |       |     7 |     7 |       ||    14
 Stab: Distracted        |       |       |       |     3 |       ||     3
Armor: Scale mail        |     8 |       |       |       |       ||     8
       Plate armour      |    18 |    46 |   199 |   245 |    16 ||   524
       Skin              |     4 |       |       |       |       ||     4
Dodge: Dodged            |    19 |    24 |    78 |   131 |    11 ||   263
Block: Buckler           |     5 |    27 |    79 |    30 |       ||   141
       Kite shield       |       |       |       |   198 |    19 ||   217

Table legend: (Time is in decaauts)
 A = Elapsed time spent in this place.
 B = Non-inter-level travel time spent in this place.
 C = Inter-level travel time spent in this place.
 D = Time resting spent in this place.
 E = Time spent auto-exploring this place.
 F = Levels seen in this place.
 G = Mean time per level.
                   A        B        C        D        E       F      G
               +--------+--------+--------+--------+--------+-----+--------+
         Total |  14656 |  13819 |    837 |    714 |  10697 |  17 |  862.1 |
       Dungeon |  14314 |  13477 |    837 |    714 |  10514 |  15 |  954.3 |
        Temple |      1 |      1 |      0 |      0 |      0 |   1 |    1.0 |
         Sewer |    339 |    339 |      0 |      0 |    183 |   1 |  339.0 |
               +--------+--------+--------+--------+--------+-----+--------+

Top non-repeatable levels by time:
     D:6: 1852 daAuts
     D:8: 1401 daAuts
     D:7: 1121 daAuts
    D:11: 1114 daAuts
     D:2: 1103 daAuts
     D:9: 1073 daAuts
    D:14: 1069 daAuts
    D:13: 954 daAuts
     D:5: 870 daAuts
    D:10: 769 daAuts
     D:4: 723 daAuts
     D:1: 686 daAuts
    D:12: 639 daAuts
     D:3: 544 daAuts
    D:15: 391 daAuts
